 Dungeon Sprint DCSS version 0.31-a0-486-g8d68a81214 (webtiles) character file.

Game seed: 8960797072701936046

3059 rocky1 the Eclecticist (level 11, -1/69 HPs)
             Began as a Gargoyle Earth Elementalist on Aug 8, 2023.
             Was an Initiate of Gozag.
             Slain by Polyphemus (29 damage)
             ... in the Dungeon (Sprint VI: "Thunderdome").
             The game lasted 00:16:26 (1397 turns).

rocky1 the Eclecticist (GrEE)                       Turns: 1397, Time: 00:16:27

Health: -1/69      AC: 14    Str: 16    XL:     11   Next: 39%
Magic:  11/32      EV: 14    Int: 20    God:    Gozag
Gold:   3921       SH:  0    Dex: 14    Spells: 21/44 levels left

rFire   + + +        l - staff of earth
rCold   . . .        (no shield)
rNeg    + . .        a - +0 robe
rPois   ∞            (no helmet)
rElec   +            i - +1 cloak of Ywosiane {rF+++ Str+4 Dex-2}
rCorr   .            (no gloves)
SInv    .            n - +1 pair of boots of the Unbroken {Will+}
Will    +....        (no amulet)
Stlth   +++          j - +6 ring of dexterity
HPRegen 0.31/turn    (no ring)
MPRegen 0.23/turn

%: no teleportation
@: no status effects
A: sickness immunity, AC +8, negative energy resistance 1, electricity
resistance, torment resistance 1, petrification resistance
}: 1/15 runes: serpentine
a: Renounce Religion, Potion Petition, Call Merchant, Bribe Branch


You were in the Dungeon.
You worshipped Gozag.
Gozag was most pleased with you.
You visited 1 branch You collected 7363 gold pieces.
You spent 3442 gold pieces at shops.

Inventory:

Armour
 a - a +0 robe (worn)
 i - the +1 cloak of Ywosiane (worn) {rF+++ Str+4 Dex-2}
   (You bought it in a shop in the Dungeon)

   Str:       It affects your strength (+4).
   Dex:       It affects your dexterity (-2).
   rF:        It renders you almost immune to fire.
 m - the +1 hat of Cirah {Drain rPois rN+ Stlth+}
   (You bought it in a shop in the Dungeon)

   rPois:     It protects you from poison.
   rN:        It protects you from negative energy.
   Drain:     It drains your maximum health when unequipped.
   Stlth:     It makes you more stealthy.
 n - the +1 pair of boots of the Unbroken (worn) {Will+}
   (You bought it in a shop in the Dungeon)

   Will:      It increases your willpower.
Magical Staves
 l - a staff of earth (weapon)
Jewellery
 j - a +6 ring of dexterity (left hand)
 o - the ring "Baodoo" {rC- Will+ rCorr Int+3 Slay+2}
   (You bought it in a shop in the Dungeon)

   [ring of willpower]

   Int:       It affects your intelligence (+3).
   Slay:      It affects your accuracy & damage with ranged weapons and melee
   (+2).
   rC:        It makes you vulnerable to cold.
   rCorr:     It protects you from acid and corrosion.
   Will:      It increases your willpower.
 p - the ring "Jyguz" {rF+ rN+ Dex+4 Slay-6 SInv}
   (You bought it in a shop in the Dungeon)

   [ring of see invisible]

   Dex:       It affects your dexterity (+4).
   Slay:      It affects your accuracy & damage with ranged weapons and melee
   (-6).
   rF:        It protects you from fire.
   rN:        It protects you from negative energy.
   SInv:      It lets you see invisible.
Scrolls
 f - 8 scrolls of blinking
 k - 2 scrolls of fog
Potions
 c - a potion of curing
 e - 7 potions of haste
 h - a potion of resistance


   Skills:
 - Level 8.8 Fighting
 - Level 5.0 Dodging
 - Level 4.9 Stealth
 - Level 0.9 Unarmed Combat
 * Level 17.1 Spellcasting
 - Level 8.7 Conjurations
 - Level 1.3 Transmutations
 - Level 16.7 Earth Magic
 - Level 3.5 Evocations


You had 21 spell levels left.
You knew the following spells:

 Your Spells              Type           Power      Damage    Failure   Level
a - Sandblast             Erth           100%       2d20      0%          1
b - Stone Arrow           Conj/Erth      100%       3d13      1%          3
c - Petrify               Tmut/Erth      68%        N/A       1%          4
d - Lee's Rapid Deconstr  Erth           45%        3d22*     1%          5
e - Leda's Unmaking       Conj/Erth      40%        9d7       2%          6
f - Leda's Liquefaction   Hex/Erth       33%        N/A       1%          4

Your spell library contained the following spells:

 Spells                   Type           Power      Damage    Failure   Level
 Passwall                 Tmut/Erth      56%        N/A       1%          2


Dungeon Overview and Level Annotations

Branches:
Dungeon (1/1)

Altars:
Cheibriados
Dithmenos
Fedhas
Gozag
Kikubaaqudgha
Makhleb
Okawaru
Qazlal
Ru
Sif Muna
Trog
Uskayaw
Vehumet
Wu Jian
Xom
Yredelemnul
Zin
The Shining One
Lugonu

Shops:
D *[=??*?*:[((!!!!

Annotations:
D Polyphemus


Innate Abilities, Weirdness & Mutations

You are immune to sickness and miasma.
Your stone body is resilient. (AC +8)
You are immune to poison.
You resist negative energy. (rN+)
You are resistant to electric shocks. (rElec)
You are resistant to unholy torment.
You are immune to petrification.


Message History

Press: ? - help, Q - select action, (/) - cycle Shift-Dir - straight line, f/p - Polyphemus
Aim: Polyphemus, quivering large rocks (moderately wounded, 98% to hit)
You feel a surge of power!
The entropic shot hits Polyphemus!!!
Polyphemus is heavily wounded.
Polyphemus hits you!! Polyphemus hits you but does no damage.
Magic courses through your body. Polyphemus hits you!!
* * * LOW HITPOINT WARNING * * *
Polyphemus hits you!
* * * LOW HITPOINT WARNING * * *
Unknown command.
Blink to where?
Press: ? - help, Dir - move target, p - Polyphemus
As you read the scroll of blinking, it crumbles to dust.
You feel much better.
You feel much better.
Aiming: Leda's Unmaking (dangerous; 2% risk of failure)
Press: ? - help, Q - select action, (/) - cycle Shift-Dir - straight line, f - Polyphemus
Aim: Polyphemus, quivering large rocks (heavily wounded, 98% to hit)
You feel a surge of power!
The entropic shot hits Polyphemus!!
Polyphemus is heavily wounded.
Polyphemus throws a large rock.
The large rock hits you!!!
Ouch! That really hurt!
* * * LOW HITPOINT WARNING * * *
Unknown command.
As you read the scroll of fog, it dissolves into smoke.
Okay, then.
You feel much better.
Aiming: Leda's Unmaking (dangerous; 2% risk of failure)
Press: ? - help, Q - select action, (/) - cycle Shift-Dir - straight line, f/p - Polyphemus
Aim: Polyphemus, quivering large rocks (blue smoke, heavily wounded, 98% to hit)
You feel a surge of power!
The entropic shot hits Polyphemus!!!
Polyphemus is severely wounded.
Aiming: Leda's Unmaking (dangerous; 2% risk of failure)
Press: ? - help, Q - select action, (/) - cycle Shift-Dir - straight line, f/p - Polyphemus
Aim: Polyphemus, quivering large rocks (blue smoke, severely wounded, 98% to hit)
You feel a surge of power!
The entropic shot hits Polyphemus!!
Polyphemus is severely wounded.
Polyphemus hits you!!
You die...
Your body crumbles into a pile of gold.

#∩.......∩# #_........#
#_...)..._# #_.....[._#
###)..C.....### #⌠)....§.....⌠#
######.8C....§§§§8§######
##∩___.)....###C§§§..___§##
##∩........8.# #@8§§......∩###
.)...........###§§§§.........#
.........)###..§###§.........⌠#
..........# #.<.# #.....w....⌠#
..........###...###..[.......§#
.............###.............##
##∩........8.# #.8........∩###
##∩_._.[....###......__.∩##
######.8.........8.######


You could see Polyphemus.

Vanquished Creatures
  An anaconda (D)
  A centaur warrior (D)
  4 deep trolls (D)
  2 rime drakes (D)
  4 trolls (D)
  7 tyrant leeches (D)
  Sigmund (D)
  A water elemental (D)
  2 ice beasts (D)
  6 centaurs (D)
  2 necrophages (D)
  A gnoll sergeant (D)
  2 scorpions (D)
  4 hounds (D)
  A gnoll bouda (D)
  4 adders (D)
  2 ogre simulacra (D)
  An adder skeleton (D)
  A worm (D)
  An orc (D)
  2 ball pythons (D)
  An endoplasm (D)
  A giant cockroach (D)
  3 ball python skeletons (D)
55 creatures vanquished.

Notes
Turn   | Place    | Note
-------+----------+-------------------------------------------
     0 | D        | rocky1 the Gargoyle Earth Elementalist began the quest for
                  | the Orb.
     0 | D        | Reached XP level 1. HP: 10/10 MP: 3/3
     4 | D        | Found a basalt altar of Yredelemnul.
     4 | D        | Found a sacrificial altar of Ru.
     5 | D        | Found an ornate altar of the Wu Jian Council.
     5 | D        | Found a glowing silver altar of Zin.
     5 | D        | Round 1.
     6 | D        | Found a corrupted altar of Lugonu.
     6 | D        | Found a blossoming altar of Fedhas.
     7 | D        | Found a stormy altar of Qazlal.
     7 | D        | Found Woffelirch's Weapon Rack.
     7 | D        | Found Gueqirph's Premium Goods.
     8 | D        | Found Ilamp's Basic Armour.
     8 | D        | Found Moqaeply's Miscellaneous Merchandise.
    10 | D        | Found a shadowy altar of Dithmenos.
    12 | D        | Found an opulent altar of Gozag.
    13 | D        | Found Dohivut's Identification Station.
    13 | D        | Noticed a scorpion
    15 | D        | Found a shimmering altar of Xom.
    15 | D        | Found a hide-covered altar of Uskayaw.
    15 | D        | Found Woli's Timeless Talismans.
    21 | D        | Killed a scorpion
    22 | D        | Reached skill level 3 in Spellcasting
    22 | D        | Reached XP level 2. HP: 15/15 MP: 1/6
    22 | D        | Reached XP level 3. HP: 19/19 MP: 1/7
    22 | D        | Reached XP level 4. HP: 24/24 MP: 1/9
    64 | D        | Noticed Sigmund
    69 | D        | Killed Sigmund
    70 | D        | Reached skill level 5 in Spellcasting
    70 | D        | Reached skill level 1 in Transmutations
    70 | D        | Reached skill level 1 in Evocations
    70 | D        | Reached XP level 5. HP: 28/28 MP: 3/12
    70 | D        | Found Huptiyn's Advanced Armour.
    70 | D        | Found Foicanwu's Jewellery.
   117 | D        | Reached XP level 6. HP: 32/32 MP: 9/13
   118 | D        | Arena points: 14 (+14) [x2]
   126 | D        | Became a worshipper of Gozag Ym Sagoz the Greedy
   175 | D        | Learned a level 3 spell: Stone Arrow
   180 | D        | Learned a level 4 spell: Petrify
   180 | D        | Found an ancient bone altar of Kikubaaqudgha.
   189 | D        | Round 2.
   193 | D        | Found a glowing golden altar of the Shining One.
   193 | D        | Found a burning altar of Makhleb.
   196 | D        | Found Dibijal's Magic Scroll Shop.
   197 | D        | Found Usachil's Magic Scroll Shop.
   197 | D        | Found Wiacuqac's Must-Have Magic.
   230 | D        | Found Pahiuc's Do-It-Yourself Clinic.
   231 | D        | Found Juawikuv's Bottled Wisdom.
   231 | D        | Found Bogaysch's Distillery.
   232 | D        | Found a radiant altar of Vehumet.
   232 | D        | Found a snail-covered altar of Cheibriados.
   232 | D        | Found an iron altar of Okawaru.
   232 | D        | Found Mula's Distillery.
   266 | D        | Found a shimmering blue altar of Sif Muna.
   266 | D        | Found a bloodstained altar of Trog.
   266 | D        | Found Elulaam's Staff Store.
   272 | D        | Arena points: 56 (+42) [x3]
   273 | D        | Reached skill level 6 in Spellcasting
   314 | D        | Round 3.
   324 | D        | Reached skill level 7 in Spellcasting
   324 | D        | Reached XP level 7. HP: 34/36 MP: 9/17
   325 | D        | Arena points: 140 (+84) [x4]
   379 | D        | Round 4.
   448 | D        | Reached skill level 1 in Fighting
   448 | D        | Reached skill level 1 in Conjurations
   505 | D        | Arena points: 280 (+140) [x5]
   506 | D        | Reached skill level 8 in Spellcasting
   524 | D        | Bought a staff of earth for 750 gold pieces
   551 | D        | Round 5.
   580 | D        | Noticed a giant anaconda
   584 | D        | Noticed a mana viper
   591 | D        | Killed a giant anaconda
   591 | D        | Arena points: 560 (+280) [x7]
   592 | D        | Reached skill level 5 in Fighting
   592 | D        | Reached skill level 9 in Spellcasting
   592 | D        | Reached skill level 5 in Conjurations
   592 | D        | Reached XP level 8. HP: 33/49 MP: 6/21
   597 | D        | Got a serpentine rune of Zot
   598 | D        | Reached XP level 9. HP: 40/56 MP: 7/22
   676 | D        | Bought a distressingly furry cloak for 332 gold pieces
   676 | D        | Identified the +1 cloak of Ywosiane {rF+++ Str+4 Dex-2}
                  | (You bought it in a shop in the Dungeon)
   676 | D        | Bought a dazzling hat for 315 gold pieces
   676 | D        | Identified the +1 hat of Cirah {Drain rPois rN+ Stlth+}
                  | (You bought it in a shop in the Dungeon)
   676 | D        | Bought a pair of smoking boots for 332 gold pieces
   676 | D        | Identified the +1 pair of boots of the Unbroken {Will+}
                  | (You bought it in a shop in the Dungeon)
   696 | D        | Bought a coiled iron ring for 45 gold pieces
   696 | D        | Identified the ring "Baodoo" {rC- Will+ rCorr Int+3 Slay+2}
                  | (You bought it in a shop in the Dungeon)
   696 | D        | Bought a bound bone ring for 45 gold pieces
   696 | D        | Identified the ring "Jyguz" {rF+ rN+ Dex+4 Slay-6 SInv}
                  | (You bought it in a shop in the Dungeon)
   696 | D        | Bought a brightly glowing jade amulet for 45 gold pieces
   696 | D        | Identified the amulet of Intercession {Spirit rPois Stlth+}
                  | (You bought it in a shop in the Dungeon)
   791 | D        | Round 6.
   794 | D        | Reached skill level 10 in Spellcasting
   794 | D        | Reached skill level 15 in Earth Magic
   861 | D        | Noticed a rime drake
   864 | D        | Killed a rime drake
   865 | D        | Reached skill level 5 in Dodging
   878 | D        | Noticed a rime drake
   881 | D        | Killed a rime drake
   882 | D        | Reached XP level 10. HP: 26/63 MP: 5/24
   904 | D        | Arena points: 944 (+384) [x8]
   978 | D        | Round 7.
   985 | D        | Reached skill level 11 in Spellcasting
  1029 | D        | Bought a book of the Earth for 252 gold pieces
  1035 | D        | Learned a level 5 spell: Lee's Rapid Deconstruction
  1044 | D        | Learned a level 6 spell: Leda's Unmaking
  1049 | D        | Learned a level 4 spell: Leda's Liquefaction
  1053 | D        | Noticed a centaur warrior
  1060 | D        | Killed a centaur warrior
  1103 | D        | Arena points: 1448 (+504) [x9]
  1129 | D        | Round 8.
  1130 | D        | Noticed a deep troll
  1136 | D        | Killed a deep troll
  1137 | D        | Reached skill level 12 in Spellcasting
  1148 | D        | Noticed a deep troll
  1151 | D        | Killed a deep troll
  1152 | D        | Reached skill level 13 in Spellcasting
  1182 | D        | Noticed a deep troll
  1190 | D        | Reached skill level 14 in Spellcasting
  1191 | D        | Killed a deep troll
  1192 | D        | Reached XP level 11. HP: 55/69 MP: 10/29
  1200 | D        | Noticed a deep troll
  1210 | D        | Killed a deep troll
  1211 | D        | Reached skill level 15 in Spellcasting
  1223 | D        | Arena points: 2168 (+720) [x10]
  1276 | D        | Round 9.
  1282 | D        | Bought a potion of heal wounds for 35 gold pieces
  1282 | D        | Bought 6 potions of magic for 336 gold pieces
  1282 | D        | Bought 4 potions of haste for 280 gold pieces
  1291 | D        | Bought 5 scrolls of blinking for 375 gold pieces
  1291 | D        | Bought 4 scrolls of blinking for 300 gold pieces
  1293 | D        | Reached skill level 16 in Spellcasting
  1314 | D        | Reached skill level 17 in Spellcasting
  1340 | D        | Arena points: 3059 (+891) [x11]
  1364 | D        | Round 10.
  1379 | D        | Noticed Polyphemus
  1397 | D        | Slain by Polyphemus

Illustrated notes

Levels and vault maps discovered:
D:        arena_sprint

Skill      XL: |  1  2  3  4  5  6  7  8  9 10 11 |
---------------+----------------------------------+-----
Earth Magic    | 7 11 12 14 15 16 | 16.7
Dodging        | 2 3 4 5 |  5.0
Stealth        | 3 4 |  4.9
Spellcasting   | 3 5 7 9 10 14 17 | 17.1
Transmutations | 1 |  1.3
Evocations     | 1 2 3 |  3.5
Fighting       | 5 6 7 8 |  8.8
Conjurations   | 5 6 7 8 |  8.7
Unarmed Combat | |  0.9

Action                     |  1- 3 |  4- 6 |  7- 9 | 10-12 || total
---------------------------+-------+-------+-------+-------++-------
  Melee: Unarmed           |       |       |     1 |       ||     1
         Staff             |       |       |       |    40 ||    40
         Punch             |       |       |       |     1 ||     1
   Cast: Sandblast         |     1 |    21 |    15 |       ||    37
         Stone Arrow       |       |       |    14 |    17 ||    31
         Lee's Rapid Decon |       |       |       |     6 ||     6
         Leda's Unmaking   |       |       |       |    28 ||    28
  Evoke: Wand              |     3 |     3 |     4 |       ||    10
    Use: Scroll            |     1 |       |     1 |     4 ||     6
         Potion            |       |       |     1 |    16 ||    17
 Armour: Robe              |       |     2 |       |    19 ||    21
  Dodge: Dodged            |       |     2 |     4 |    36 ||    42

Table legend: (Time is in decaauts)
 A = Elapsed time spent in this place.
 B = Non-inter-level travel time spent in this place.
 C = Inter-level travel time spent in this place.
 D = Time resting spent in this place.
 E = Time spent auto-exploring this place.
 F = Levels seen in this place.
 G = Mean time per level.
                   A        B        C        D        E       F      G
               +--------+--------+--------+--------+--------+-----+--------+
         Total |   1411 |   1411 |      0 |    530 |      0 |   1 | 1411.0 |
       Dungeon |   1411 |   1411 |      0 |    530 |      0 |   1 | 1411.0 |
               +--------+--------+--------+--------+--------+-----+--------+

Top non-repeatable levels by time:
       D: 1411 daAuts
